Map: Pillars of Gold LE

Players

Denver

  • Race: Zerg Zerg
  • League: Grandmaster
  • Spawn Location: 7:00

Neeblet (Neeb) - Winner!

  • Race: Protoss Protoss
  • League: Grandmaster
  • Spawn Location: 1:00

VOD

Have the link to the VOD?

Description

Time

  • Played on: Sept. 28, 2020, 1:04 p.m.
  • Length: 20:44
Show
View Real Time Build Order
Export as new Build Order

Denver Zerg 

Build Orders: Hatch First 

Get SALT Encoding   

  12  0:00  Drone  
  13  0:14  Overlord  
  13  0:17  Drone  
  14  0:32  Drone x2  
  16  0:51  Hatchery  
  16  0:54  Drone  
  16  0:58  Drone  
  16  1:01  Drone  
  18  1:13  Extractor  
  17  1:19  Spawning Pool  
  17  1:24  Drone  
  17  1:26  Drone  
  17  1:29  Drone  
  19  1:43  Drone  
  20  1:51  Overlord  
  20  2:06  Queen x2  
  20  2:07  Zergling x4  
  26  2:15  Metabolic Boost  
  26  2:17  Drone  
  26  2:21  Drone  
  28  2:24  Drone  
  29  2:32  Drone  
  30  2:44  Hatchery  
  30  2:46  Drone  
  30  2:48  Drone  
  31  2:53  Overlord  
  31  2:56  Drone  
  32  3:01  Drone x2  
  33  3:08  Drone  
  33  3:12  Drone  
  35  3:15  Drone x3  
  35  3:18  Overlord  
  38  3:25  Queen  
  40  3:28  Spore Crawler  
  40  3:30  Drone x2  
  41  3:35  Spore Crawler  
  41  3:38  Drone  
  41  3:42  Drone x2  
  41  3:47  Overlord x2  
  43  3:53  Drone  
  43  3:57  Queen  
  43  4:02  Spore Crawler  
  44  4:04  Overlord  
  44  4:06  Drone x3  
  47  4:11  Drone x2  
  47  4:12  Drone  
  50  4:17  Drone  
  50  4:18  Drone x2  
  53  4:24  Zergling x8  
  53  4:25  Zergling x2  
  53  4:29  Queen  
  60  4:38  Drone x5  
  64  4:41  Overlord  
  64  4:47  Drone x2  
  64  4:49  Lair  
  66  4:53  Overlord  
  66  4:54  Drone x3  
  66  4:58  Roach Warren  
  67  5:01  Drone x2  
  67  5:04  Extractor  
  67  5:05  Drone x2  
  70  5:08  Queen  
  70  5:10  Drone  
  70  5:11  Drone x2  
  75  5:17  Drone x3  
  75  5:18  Extractor  
  75  5:19  Extractor  
  74  5:29  Spore Crawler  
  74  5:33  Drone x3  
  77  5:37  Drone x3  
  77  5:41  Overlord  
  82  5:42  Roach  
  82  5:43  Roach x2  
  82  5:45  Overlord  
  82  5:46  Overlord, Hatchery  
  87  5:50  Roach x2, Overlord  
  87  5:51  Overseer  
  87  5:53  Pneumatized Carapace  
  87  5:55  Extractor  
  88  5:57  Extractor, Evolution Chamber  
  88  6:00  Overlord  
  88  6:03  Drone x4  
  88  6:04  Drone x2  
  89  6:13  Roach x3  
  89  6:14  Overseer  
  95  6:20  Roach  
  95  6:21  Roach x5  
  95  6:22  Ravager x2  
  95  6:24  Drone x2  
  111  6:28  Zerg Melee Weapons Level 1  
  111  6:32  Baneling Nest  
  111  6:33  Zergling x10  
  111  6:34  Zergling x2  
  111  6:36  Roach  
  118  6:42  Roach x2  
  122  6:49  Zergling x8  
  122  6:51  Overlord  
  122  6:52  Ravager x3  
  122  6:53  Overlord  
  127  7:02  Zergling x2  
  127  7:03  Zergling x14  
  127  7:07  Drone  
  132  7:14  Zergling x6  
  131  7:18  Centrifical Hooks  
  131  7:20  Drone x7  
  138  7:23  Overlord  
  138  7:26  Roach x3  
  138  7:29  Overlord  
  143  7:36  Overlord x2  
  143  7:42  Baneling x10  
  143  7:43  Baneling  
  143  7:44  Overlord  
  143  7:48  Hatchery  
  143  7:49  Overlord  
  142  7:53  Overlord  
  142  7:56  Zergling x16  
  150  7:58  Overseer  
  150  8:03  Drone x6  
  156  8:09  Zergling x2  
  156  8:10  Zergling x12  
  163  8:17  Zergling x14  
  170  8:32  Roach x7  
  184  8:36  Baneling x17  
  184  8:42  Zerg Melee Weapons Level 2  
  184  8:46  Overlord  
  184  8:52  Zergling x18  
  184  8:55  Glial Reconstitution, Overlord  
  192  9:01  Overlord x2  
  192  9:05  Infestation Pit  
  192  9:09  Baneling  
  191  9:10  Baneling x2  
  191  9:22  Zergling x8  
  191  9:23  Zergling x22  
  197  9:32  Zergling x10  
  197  9:33  Roach  
  193  9:42  Zergling x18  
  193  9:43  Zergling x4  
  196  9:46  Baneling x20  
  196  9:47  Baneling x23  
  196  9:51  Hive  
  196  9:53  Ravager  
  196  9:56  Zergling x4  
  199  10:13  Zergling x10  
  199  10:20  Zergling x12  
  187  10:22  Zergling x2  
  187  10:23  Zergling x16  
  187  10:27  Zergling x12  
  196  10:34  Zergling x2, Roach x3  
  197  10:37  Baneling x13  
  197  10:38  Baneling x2  
  191  10:46  Zergling x18  
  198  10:55  Queen  
  195  11:00  Zergling x10  
  195  11:04  Baneling x26  
  200  11:10  Zergling x20  
  199  11:16  Zergling x2  
  199  11:17  Zergling x12  
  177  11:27  Zergling x14  
  165  11:37  Roach x6  
  165  11:38  Roach x3  
  169  11:42  Adrenal Glands  
  169  11:43  Zerg Melee Weapons Level 3  
  169  11:50  Baneling  
  169  11:51  Baneling x9  
  169  11:55  Drone x3, Extractor  
  169  11:56  Drone x3  
  169  11:58  Zergling x12, Extractor  
  169  11:59  Baneling x4  
  169  12:00  Baneling x2  
  179  12:10  Baneling x7  
  179  12:12  Zergling x16  
  168  12:32  Zergling x14  
  168  12:33  Zergling x10  
  174  12:38  Zergling x4  
  174  12:43  Zergling x2  
  174  12:44  Zergling x4  
  171  12:46  Burrow, Overseer x2  
  171  12:53  Spire, Roach x3, Zergling x2  
  171  12:54  Baneling x12  
  171  12:55  Baneling x2  
  171  12:57  Spine Crawler  
  171  12:58  Spine Crawler, Drone x3, Extractor x2  
  177  12:59  Drone x3  
  177  13:00  Spine Crawler  
  177  13:01  Baneling x5  
  177  13:04  Zergling x4  
  175  13:17  Zergling x24  
  176  13:26  Zergling x12  
Show
View Real Time Build Order
Export as new Build Order

Neeblet Protoss - Winner!

Build Orders: 1 Gate Expand, Oracle Opening, Archon Immortal 

Get SALT Encoding   

  12  0:00  Probe  
  13  0:12  Probe  
  14  0:22  Pylon  
  14  0:24  Probe  
  15  0:40  Probe (Chrono Boost)  
  15  0:41  Gateway  
  16  0:49  Probe (Chrono Boost)  
  17  0:52  Assimilator  
  17  0:54  Probe (Chrono Boost)  
  18  1:06  Probe  
  19  1:18  Probe  
  20  1:29  Nexus  
  20  1:39  Cybernetics Core  
  20  1:42  Probe  
  21  1:50  Assimilator  
  21  1:54  Probe  
  21  1:56  Pylon  
  22  2:06  Probe (Chrono Boost)  
  23  2:12  Adept (Chrono Boost)  
  26  2:16  Probe (Chrono Boost)  
  26  2:21  Probe (Chrono Boost)  
  26  2:25  Stargate  
  27  2:33  Probe  
  27  2:35  Adept (Chrono Boost)  
  30  2:39  Warp Gate  
  30  2:42  Probe  
  31  2:45  Probe  
  32  2:54  Probe  
  32  2:57  Probe  
  34  3:01  Gateway  
  34  3:02  Void Ray (Chrono Boost)  
  34  3:06  Probe  
  34  3:12  Probe  
  40  3:19  Pylon  
  41  3:20  Probe  
  41  3:24  Probe  
  42  3:32  Probe  
  43  3:35  Oracle (Chrono Boost)  
  43  3:36  Probe  
  47  3:44  Probe  
  48  3:48  Probe  
  48  3:49  Assimilator x2  
  48  3:54  Pylon  
  49  3:56  Probe  
  49  4:00  Probe  
  51  4:04  Robotics Facility  
  51  4:08  Probe  
  52  4:13  Probe  
  53  4:20  Probe  
  54  4:25  Probe  
  54  4:28  Sentry x2  
  54  4:29  Nexus  
  59  4:32  Probe, Pylon  
  59  4:37  Probe  
  61  4:42  Pylon  
  62  4:50  Probe  
  62  4:51  Sentry  
  62  4:52  Adept  
  67  4:54  Immortal (Chrono Boost)  
  67  4:55  Pylon  
  70  5:00  Probe  
  70  5:01  Shield Battery  
  70  5:02  Probe  
  72  5:12  Gateway  
  72  5:13  Probe, Gateway  
  72  5:14  Probe  
  74  5:20  Immortal (Chrono Boost)  
  74  5:25  Probe  
  79  5:29  Probe  
  79  5:32  Sentry  
  79  5:33  Stalker  
  84  5:37  Probe  
  84  5:41  Probe  
  86  5:44  Forge  
  86  5:47  Twilight Council  
  86  5:49  Probe  
  87  5:50  Immortal (Chrono Boost)  
  87  5:55  Probe x2  
  93  6:02  Probe  
  94  6:05  Stalker x2  
  94  6:07  Probe  
  94  6:08  Probe  
  100  6:14  Probe  
  100  6:16  Pylon  
  101  6:20  Pylon  
  101  6:22  Protoss Ground Weapons Level 1  
  101  6:23  Charge  
  101  6:29  Assimilator  
  101  6:30  Assimilator, Pylon  
  101  6:32  Observer (Chrono Boost), Pylon  
  101  6:34  Probe x2  
  101  6:36  Probe  
  105  6:40  Templar Archives  
  105  6:44  Gateway x2  
  105  6:46  Probe  
  106  6:48  Warp Prism (Chrono Boost)  
  106  7:04  Probe  
  103  7:16  Probe x2  
  103  7:17  Gateway  
  103  7:21  Immortal (Chrono Boost)  
  103  7:22  Psionic Storm  
  109  7:26  Photon Cannon  
  109  7:28  Photon Cannon, Gateway  
  109  7:30  Photon Cannon  
  109  7:32  High Templar  
  109  7:33  High Templar x3  
  109  7:34  Pylon  
  109  7:36  Pylon  
  117  7:42  Pylon  
  117  7:47  Photon Cannon  
  117  7:50  Pylon  
  117  7:53  Immortal  
  117  7:57  Nexus  
  121  8:00  Shield Battery  
  121  8:02  Shield Battery  
  121  8:07  Probe x2  
  123  8:15  High Templar  
  123  8:16  High Templar x2  
  123  8:17  Zealot  
  123  8:19  Probe  
  133  8:20  Probe x2  
  133  8:22  Archon  
  134  8:30  Photon Cannon  
  134  8:31  Photon Cannon  
  134  8:32  Probe x3, Protoss Ground Weapons Level 2 (Chrono Boost)  
  134  8:33  Shield Battery  
  137  8:45  Immortal  
  141  8:55  Assimilator  
  141  8:57  High Templar x2, Zealot  
  141  8:58  Assimilator, Zealot x5  
  141  8:59  Pylon  
  141  9:01  Archon  
  157  9:08  Photon Cannon  
  157  9:09  Fleet Beacon  
  157  9:12  Shield Battery  
  157  9:13  Shield Battery  
  157  9:22  Zealot x6  
  161  9:27  Photon Cannon  
  161  9:31  Photon Cannon  
  155  9:33  Shield Battery  
  149  9:45  High Templar x2  
  145  9:48  High Templar x2  
  145  9:49  Pylon  
  145  9:51  Probe x2  
  153  9:55  Photon Cannon  
  153  9:57  High Templar x2, Zealot x2  
  161  10:02  Photon Cannon  
  161  10:03  Archon  
  161  10:04  Photon Cannon  
  161  10:06  Photon Cannon  
  161  10:07  Shield Battery  
  161  10:09  Shield Battery  
  161  10:12  Pylon  
  153  10:25  Protoss Air Weapons Level 1  
  153  10:29  Mothership (Chrono Boost)  
  153  10:32  Stargate  
  153  10:35  Stargate  
  159  10:44  Void Ray (Chrono Boost)  
  159  10:45  Pylon  
  159  10:49  Photon Cannon  
  159  10:51  Photon Cannon  
  159  10:53  Photon Cannon  
  159  10:56  Photon Cannon  
  161  10:57  Shield Battery  
  161  10:59  Shield Battery, Zealot x3  
  161  11:01  Photon Cannon x2  
  165  11:15  Probe  
  165  11:17  Probe  
  165  11:18  Probe  
  162  11:24  Archon  
  162  11:25  Carrier x3 (Chrono Boost)  
  145  11:31  High Templar x2  
  145  11:32  Zealot x6  
  163  11:34  Probe  
  163  11:37  Probe, Protoss Ground Weapons Level 3 (Chrono Boost), Archon  
  162  11:40  Photon Cannon  
  162  11:46  Photon Cannon  
  162  11:49  Photon Cannon  
  162  12:01  High Templar x2  
  166  12:08  High Templar  
  166  12:09  High Templar  
  170  12:19  Nexus  
  170  12:20  Cybernetics Core  
  170  12:21  Zealot  
  170  12:22  Zealot x3  
  178  12:25  Archon  
  178  12:29  Protoss Air Weapons Level 2  
  158  12:32  Probe  
  158  12:33  Probe  
  158  12:36  Probe  
  157  12:38  Pylon  
  157  12:40  Pylon  
  157  12:42  Probe  
  151  12:49  Photon Cannon  
  151  12:50  High Templar x2, Photon Cannon  
  155  12:52  High Templar  
  155  12:53  Pylon  
  155  12:56  High Templar x2, Zealot x2  
  165  13:01  Photon Cannon  
  165  13:03  Archon  
  165  13:12  Photon Cannon  
  161  13:13  Photon Cannon  
  161  13:14  Shield Battery  
  161  13:19  Probe x2  
  161  13:20  Probe  
  161  13:21  Assimilator, Probe  
  161  13:23  Assimilator  
Tags
 
Add a new tag
Caveats
  • Supply blocks, unpowered buildings, or Contaminate may cause inaccurate times.
  • Supply counts are checked every 10 seconds.